 Dungeon Crawl Stone Soup version 0.27.0-1-g7a089689b8 (webtiles) character file.

Game seed: 12196833148444437838

27 shadowrider38 the Chopper (level 2, 0/39 HPs)
             Began as a Minotaur Berserker on Aug 1, 2021.
             Was a Follower of Trog.
             Slain by an adder (1 damage)
             ... on level 2 of the Dungeon.
             The game lasted 00:02:05 (1446 turns).

shadowrider38 the Chopper (Minotaur Berserker)      Turns: 1446, Time: 00:02:07

Health: 0/39       AC:  8    Str: 21    XL:     2   Next: 93%
Magic:  1/1        EV:  8    Int:  4    God:    Trog [*.....]
Gold:   78         SH:  0    Dex:  9    Spells: 1/1 levels left

rFire    . . .     SeeInvis .   a - +1 war axe
rCold    . . .     Faith    .   (no shield)
rNeg     . . .     Spirit   .   h - +0 chain mail
rPois    .         Reflect  .   (helmet restricted)
rElec    .         Harm     .   (no cloak)
rCorr    .         Rampage  .   (no gloves)
Will     .....                  (no boots)
Stlth    ..........             (no amulet)
HPRegen  0.13/turn              (no ring)
MPRegen  0.07/turn              (no ring)

@: berserking, very quick
A: horns 2, retaliatory headbutt
a: Renounce Religion, Berserk


You were on level 2 of the Dungeon.
You worshipped Trog.
Trog was aware of your devotion.
You visited 1 branch of the dungeon, and saw 2 of its levels.

You collected 78 gold pieces.

Inventory:

Hand Weapons
 a - a +1 war axe (weapon)
Armour
 h - a +0 chain mail (worn)
Jewellery
 b - an amulet of guardian spirit
 g - a ring of see invisible
Scrolls
 c - a scroll of holy word {unknown}
 d - 2 scrolls of enchant weapon
 e - a scroll of vulnerability {unknown}
 f - a scroll of enchant armour {unknown}
 j - 5 scrolls of identify {unknown}
 k - 2 scrolls of teleportation {unknown}
 l - 2 scrolls of amnesia {unknown}
Potions
 i - 2 potions of heal wounds {unknown}


   Skills:
 - Level 3.6 Fighting
 + Level 5.1 Axes
 - Level 2.4 Armour
 - Level 2.1 Dodging


You had one spell level left.
You didn't know any spells.
Your spell library was empty.

Dungeon Overview and Level Annotations

Branches:
Dungeon (2/15)

Altars:


Innate Abilities, Weirdness & Mutations

You have a pair of horns on your head.
You reflexively headbutt those who attack you in melee.


Message History

You barely miss the adder. Your headbutt misses the adder.
The adder is lightly wounded.
You feel sick. The adder bites you but does no damage. The adder bites you.
You are more poisoned.
The adder poisons you!
You miss the adder. Your headbutt misses the adder.
The adder is lightly wounded.
You feel very sick. The adder bites you.
You are too injured to fight recklessly!
You are too injured to fight recklessly!
You are too injured to fight recklessly!
You are too injured to fight recklessly!
You are too injured to fight recklessly!
You closely miss the adder. Your headbutt misses the adder.
The adder is lightly wounded.
You feel sick. The adder closely misses you.
The adder bites you but does no damage.
You closely miss the adder.
The adder is lightly wounded.
You feel sick. The adder bites you but does no damage.
As you read the scroll labelled GYPLUSEURY, it crumbles to dust.
It is a scroll of enchant weapon.
Your +0 war axe glows red for a moment.
You feel sick. The adder bites you.
* * * LOW HITPOINT WARNING * * *
The adder bites you but does no damage.
You feel sick.
You feel sick.
A red film seems to cover your vision as you go berserk!
You feel yourself moving faster!
You feel mighty!
You feel sick. The adder bites you.
* * * LOW HITPOINT WARNING * * *
You closely miss the adder.
The adder is lightly wounded.
You feel sick.
You are no longer poisoned.
The adder bites you.
* * * LOW HITPOINT WARNING * * *
The adder bites you.
You die...

########### #.........#
#.........#
######.........##
#....'..........# #
#.####..........# .# #.#
#..........# ..# #.#
#..........#....#
####.####.......@S.#....#
#.....(......#+#+#.....<#
##.#.#######.#+#........#
#.#.......#......#.....#
######
#.#######.#......#.......
...... #.#
#.#......#>...... ......
#.#
#.#......###############
#.#
#.#......#####......####
#.#
#.#......##..'......'...


You could see an adder.

Vanquished Creatures
  3 bats (D:1)
  An endoplasm (D:2)
  3 giant cockroaches
  4 goblins
  2 jackals (D:2)
  4 kobolds
  A quokka (D:1)
  3 ball pythons
  3 rats
24 creatures vanquished.

Notes
Turn   | Place    | Note
-------+----------+-------------------------------------------
     0 | D:1      | shadowrider38 the Minotaur Berserker began the quest for
                  | the Orb.
     0 | D:1      | Reached XP level 1. HP: 19/19 MP: 0/0
   105 | D:1      | Reached skill level 4 in Axes
   182 | D:1      | Reached XP level 2. HP: 13/26 MP: 1/1
  1196 | D:2      | Reached skill level 5 in Axes
  1446 | D:2      | HP: 1/39 [adder (1)]
  1446 | D:2      | Slain by an adder

Illustrated notes

Levels and vault maps discovered:
D:1:      minmay_arrival_jagged, layout_basic, minmay_nonomino_d4
D:2:      layout_basic, hellmonk_ecumenical_altar_prayer_group,
          kennysheep_generic_room_8

Skill      XL: |  1  2 |
---------------+-------+-----
Axes           | 4 5 |  5.1
Fighting       | |  3.6
Armour         | |  2.4
Dodging        | |  2.1

Action                   || total
-------------------------++-------
Melee: Hand axe          ||    25
       War axe           ||    32
       Headbutt          ||     5
Invok: Berserk           ||     1
  Use: Scroll            ||     1
Armor: Animal skin       ||     8
       Chain mail        ||    16
Dodge: Dodged            ||    38
